AoeStats
← Sample Text

Oasis

509596506Analyzed
3v3 RM · 5d ago on Sep 27, 2026· 48m 5s· 6 players
Game mode
Random Map
Map size
Normal (6 player)
Population
200
Speed
Normal
Resources
Standard
Victory
Conquest
Starting age
Dark Age
Ending age
Imperial Age
RankedLock teamsTeams togetherTeam positionsShared explorationLock speedFull tech treeHidden civsTurbo modeCheats
Victory
Defeat
🇦🇺 Magyars · Australia
1070
+13
🇦🇺 Danes · Australia
1042
+14
🇦🇺 Ethiopians · Australia
1027
+14
🇨🇴 Khmer · Colombia
1085
-17
🇨🇴 Romans · Colombia
1079
-16
🇪🇸 Japanese · Spain
825
-8
DAVIJO90
0:37 Loom
11:29 Feudal Age
12:36 Double-Bit Axe
14:03 Wheelbarrow
14:09 Horse Collar
20:36 Castle Age
24:22 Man-at-Arms
25:03 Squires
25:05 Scale Mail Armor
25:16 Forging
25:19 Scale Barding Armor
26:50 Gold Mining
27:25 Fortified Wall
27:56 Stone Mining
29:35 Bow Saw
30:04 Gold Shaft Mining
30:08 Long Swordsman
31:45 Chain Mail Armor
32:05 Iron Casting
31:59 Hand Cart
37:17 Imperial Age
37:39 Legionary
39:35 Iron Casting
40:29 Conscription
40:16 Ballistas
39:54 Heavy Scorpion
41:04 Comitatenses
42:48 Chemistry
42:16 Elite Centurion
josehgx
0:27 Loom
12:04 Feudal Age
18:08 Castle Age
23:31 Double-Bit Axe
25:46 Horse Collar
27:02 Wheelbarrow
26:38 Heavy Plow
28:51 Gold Mining
36:20 Imperial Age
34:38 Pikeman
35:19 Squires
37:10 Halberdier
40:16 Chemistry
39:43 Bow Saw
40:55 Hand Cart
41:13 Stone Mining
41:24 Cavalier
41:43 Heavy Scorpion
43:28 Husbandry
Alosk8
2:00 Loom
13:00 Feudal Age
18:57 Castle Age
21:07 Horse Collar
21:40 Double-Bit Axe
22:15 Heavy Plow
22:07 Gold Mining
23:31 Stone Mining
25:04 Wheelbarrow
28:26 Fortified Wall
31:05 Imperial Age
32:23 Bow Saw
32:59 Pikeman
35:23 Hand Cart
34:55 Town Watch
35:48 Gold Shaft Mining
36:47 Forging
36:37 Scale Mail Armor
36:28 Fletching
36:38 Padded Archer Armor
37:50 Crop Rotation
38:31 Iron Casting
39:13 Halberdier
41:38 Blast Furnace
40:54 Chain Mail Armor
41:22 Conscription
40:30 Elite Skirmisher
42:41 Elite Ballista Elephant
NaughtyBoy
11:40 Feudal Age
16:35 Castle Age
16:18 Double-Bit Axe
16:28 Horse Collar
19:00 Wheelbarrow
18:10 Loom
19:39 Gold Mining
25:44 Stone Mining
26:38 Heavy Plow
26:55 Hand Cart
26:32 Town Watch
29:28 Gold Shaft Mining
29:55 Forging
29:46 Scale Mail Armor
29:37 Fletching
29:47 Padded Archer Armor
29:54 Scale Barding Armor
32:26 Imperial Age
30:16 Thumb Ring
30:50 Crossbowman
32:03 Bodkin Arrow
32:24 Chain Mail Armor
32:45 Iron Casting
32:36 Arbalester
34:56 Bow Saw
36:04 Chemistry
36:53 Onager
39:06 Siege Onager
44:49 Coinage
44:53 Leather Archer Armor
47:03 Ring Archer Armor
46:34 Bracer
Sample Text
9:47 Loom
11:33 Feudal Age
13:15 Double-Bit Axe
17:21 Castle Age
16:13 Arson
18:11 Stone Mining
19:51 Horse Collar
23:08 Bow Saw
24:06 Gold Mining
24:19 Squires
24:45 Gambesons
25:55 Forging
27:17 Gold Shaft Mining
27:41 Iron Casting
27:58 Wheelbarrow
30:58 Hand Cart
31:19 Scale Mail Armor
31:58 Heavy Plow
33:59 Stone Shaft Mining
33:45 Chain Mail Armor
34:38 Thumb Ring
34:35 Fletching
38:18 Imperial Age
37:44 Ballistics
37:23 Bodkin Arrow
39:59 Bracer
40:29 Conscription
40:25 Onager
40:30 Northmen's Fury
42:16 Chemistry
41:09 Cranequins
43:02 Siege Engineers
44:08 Husbandry
43:54 Elite Varangian Guard
45:02 Heavy Mounted Crossbowman
Big J
7:02 Loom
10:04 Feudal Age
14:40 Double-Bit Axe
19:49 Castle Age
18:08 Horse Collar
22:02 Gold Mining
22:50 Wheelbarrow
27:38 Scale Barding Armor
29:42 Chain Barding Armor
33:31 Imperial Age
33:18 Hand Cart
32:48 Town Watch
33:17 Corvinian Army
33:50 Bow Saw
33:36 Stone Mining
34:22 Gold Shaft Mining
34:11 Ballistics
33:56 Heavy Plow
35:13 Conscription
35:24 Town Patrol
36:03 Plate Barding Armor
36:17 Conscription
37:42 Chemistry
36:38 Elite Magyar Huszar
36:47 Elite Magyar Huszar
38:36 Bloodlines
38:27 Husbandry
40:28 Parthian Tactics
41:02 Fletching
41:13 Padded Archer Armor
41:22 Padded Archer Armor
40:50 Heavy Cavalry Archer
43:39 Bodkin Arrow
43:59 Leather Archer Armor
Connection lost

Rejoining the realm…

Still unreachable

The connection could not be restored.

Session expired

The server has moved on; the page needs a fresh start.